 Dungeon Crawl Stone Soup version 0.25.1-2-g60ff931df9 (webtiles) character file.

Game seed: 5386349836230854370

67 Goaboa the Firebug (level 3, -1/28 HPs)
             Began as a Draconian Fire Elementalist on Oct 10, 2020.
             Slain by a quokka (3 damage)
             ... on level 2 of the Dungeon on Oct 19, 2020.
             The game lasted 00:17:55 (1979 turns).

Goaboa the Firebug (Draconian Fire Elementalist)    Turns: 1979, Time: 00:17:56

Health: -1/28      AC:  5    Str: 10    XL:     3   Next: 98%
Magic:  6/6        EV: 12    Int: 16    God:
Gold:   61         SH:  0    Dex: 11    Spells: 6/7 levels left

rFire    . . .     SeeInvis .   d - +1 whip (elec)
rCold    . . .     Gourm    .   (no shield)
rNeg     . . .     Faith    .   (armour unavailable)
rPois    .         Spirit   .   (helmet restricted)
rElec    .         Reflect  .   f - scarf {harm}
rCorr    .         Harm     +   (no gloves)
MR       .....                  (no boots)
Stlth    ++........             (no amulet)
HPRegen  0.09/turn              (no ring)
MPRegen  0.10/turn              (no ring)

@: no status effects
A: unfitting armour, cold-blooded, AC +5
a: no special abilities


You were on level 2 of the Dungeon.
You were not hungry.

You visited 1 branch of the dungeon, and saw 2 of its levels.

You collected 61 gold pieces.

Inventory:

Hand Weapons
 c - a +0 club
 d - a +1 whip of electrocution (weapon)
Armour
 f - a scarf of harm (worn)
Scrolls
 a - a scroll of teleportation {unknown}
 e - 2 scrolls of identify {unknown}
Potions
 g - 2 potions of curing {unknown}
 i - a potion of heal wounds {unknown}
Comestibles
 b - 7 rations
 h - 5 chunks of flesh


   Skills:
 * Level 1.5 Fighting
 + Level 0.0 Maces & Flails
 + Level 0.1 Throwing
 * Level 2.3 Dodging
 - Level 1.9 Stealth
 + Level 0.0 Unarmed Combat
 * Level 2.5 Spellcasting
 * Level 2.0 Conjurations
 + Level 3.1 Fire Magic


You had 6 spell levels left.
You knew the following spells:

 Your Spells              Type           Power        Failure   Level  Hunger
a - Foxfire               Conj/Fire      ##..         7%          1    #......

Your spell library contained the following spells:

 Spells                   Type           Power        Failure   Level  Hunger
 Conjure Flame            Conj/Fire      ##......     21%         3    ###....
 Inner Flame              Hex/Fire       #.......     30%         3    ###....
 Sticky Flame             Conj/Fire      ##......     56%         4    #####..
 Fireball                 Conj/Fire      ##........   88%         5    ######.


Dungeon Overview and Level Annotations

Branches:
Dungeon (2/15)

Altars:


Innate Abilities, Weirdness & Mutations

Your plain brown scales are hard. (AC +5)
You cannot fit into any form of body armour.
You are cold-blooded and may be slowed by cold attacks.


Message History

The quokka twitches its whiskers.
The quokka bites you but does no damage.
The quokka barely misses you. The quokka bites you.
* * * LOW HITPOINT WARNING * * *
The quokka barely misses you. The quokka barely misses you.
The quokka barely misses you. The quokka bites you.
* * * LOW HITPOINT WARNING * * *
The quokka barely misses you. The quokka bites you.
* * * LOW HITPOINT WARNING * * *
The quokka misses you. The quokka closely misses you.
The quokka bites you but does no damage.
The quokka misses you. The quokka bites you.
* * * LOW HITPOINT WARNING * * *
The quokka closely misses you. The quokka bites you.
You die...

..............'.....>.....
#...##........###..###....
#...####.##........# #...#
#...# #.#...#####.# #...#
#...####.....# #.# #.#..
#### #...'........# #.#
#.#.. ...# #...#####....#
#.# #.#..
...######.######....#
#.###+#..
...'......#....r@...#
#.##.....
...########.#####...#
#.##....# ...# #.##......#
#.......# #'####
#.##.#.#+## #..#.÷..#
#....# #.##.#.# ####
#..#..... ####÷# #....#.#
#....#.......#
#.###########.#
#.##.#.......#
#..............
#.##.........#
###.......###.#
#.####..####.#


You could see a quokka.

Vanquished Creatures
  An adder (D:2)
  An ooze (D:2)
  A worm (D:2)
  A dart slug (D:2)
  3 leopard geckos (D:1)
  4 bats
  5 giant cockroaches
  8 goblins
  4 hobgoblins (D:1)
  2 quokkas (D:2)
  3 frilled lizards
  5 kobolds
  6 rats
44 creatures vanquished.

Vanquished Creatures (others)
  84 foxfires
84 creatures vanquished.

Grand Total: 128 creatures vanquished

Notes
Turn   | Place    | Note
-------+----------+-------------------------------------------
     0 | D:1      | Goaboa the Draconian Fire Elementalist began the quest for
                  | the Orb.
     0 | D:1      | Reached XP level 1. HP: 14/14 MP: 3/3
   258 | D:1      | Reached XP level 2. HP: 22/22 MP: 0/5
  1019 | D:1      | Reached skill level 1 in Fighting
  1318 | D:2      | Reached XP level 3. HP: 28/28 MP: 4/6
  1979 | D:2      | Slain by a quokka

Illustrated notes

Levels and vault maps discovered:
D:1:      sevenhm_arrival_forest_fort_small_5, layout_basic, minmay_unequal
D:2:      layout_basic

Skill      XL: |  1  2  3 |
---------------+----------+-----
Dodging        | 2 |  2.3
Fighting       | 1 |  1.5
Conjurations   | 2 |  2.0
Throwing       | |  0.1
Stealth        | |  1.9
Spellcasting   | |  2.5
Fire Magic     | |  3.1

Action                   || total
-------------------------++-------
Melee: Whip              ||    37
       Club              ||     3
       Tailslap          ||     2
 Cast: Foxfire           ||    51
 Stab: Sleeping          ||     1
  Eat: Chunk             ||     4
Armor: Skin              ||    19
Dodge: Dodged            ||    53
